 Dungeon Crawl Stone Soup version 0.25-a0-566-g062765be81 (console) character file.

Game seed: 4938377315864908650, levelgen mode: classic

289 Duffy the Caller (level 6, -6/32 HPs)
             Began as a Deep Elf Summoner on Feb 26, 2020.
             Killed from afar by Blork the orc (9 damage)
             ... with a puff of flame
             ... on level 5 of the Dungeon.
             The game lasted 00:07:03 (5939 turns).

Duffy the Caller (Deep Elf Summoner)                Turns: 5939, Time: 00:07:04

Health: -6/32      AC:  2    Str:  5    XL:     6   Next: 9%
Magic:  8/16       EV: 13    Int: 22    God:
Gold:   203        SH:  0    Dex: 15    Spells: 2/16 levels left

rFire    . . .     SeeInvis .   c - 7 rations
rCold    . . .     Gourm    .   (no shield)
rNeg     . . .     Faith    +   a - +0 robe
rPois    .         Spirit   .   (no helmet)
rElec    .         Reflect  .   (no cloak)
rCorr    .         Harm     .   (no gloves)
MR       .....                  (no boots)
Stlth    ++........             n - amulet of faith
HPRegen  0.10/turn              (no ring)
MPRegen  0.15/turn              (no ring)

@: no status effects
A: no striking features
a: no special abilities


You were on level 5 of the Dungeon.
You were hungry.

You visited 1 branch of the dungeon, and saw 5 of its levels.

You collected 203 gold pieces.

Inventory:

Hand Weapons
 r - a +0 whip of distortion
Armour
 a - a +0 robe (worn)
Jewellery
 m - an uncursed amulet of faith
 n - an amulet of faith (around neck)
Scrolls
 b - 4 scrolls of blinking {unknown}
 d - 2 scrolls of teleportation {unknown}
 g - 8 scrolls of remove curse
 h - a scroll of enchant armour {unknown}
 j - 2 scrolls of fear {unknown}
 k - a scroll of identify {unknown}
 p - a scroll of enchant weapon {unknown}
Potions
 e - 5 potions of heal wounds {unknown}
 f - 3 potions of haste {unknown}
 i - a potion of resistance {unknown}
 l - a potion of flight {unknown}
 o - a potion of lignification {unknown}
Comestibles
 c - 7 rations (in hand)


   Skills:
 - Level 2.4 Dodging
 - Level 2.4 Stealth
 + Level 5.7 Spellcasting
 - Level 6.0 Summonings
 + Level 1.4 Ice Magic
 + Level 2.2 Air Magic


You had 2 spell levels left.
You knew the following spells:

 Your Spells              Type           Power        Failure   Level  Hunger
h - Call Canine Familiar  Summ           ####....     2%          3    ##.....
j - Call Imp              Summ           ####....     1%          2    None
k - Summon Small Mammal   Summ           ####         1%          1    None
l - Summon Lightning Spi  Summ/Air       ###.....     17%         4    ####...
y - Summon Ice Beast      Ice/Summ       ###.....     21%         4    ####...

Your spell library contained the following spells:

 Spells                   Type           Power        Failure   Level  Hunger
 Summon Guardian Golem    Hex/Summ       ###.....     9%          3    ##.....


Dungeon Overview and Level Annotations

Branches:
Dungeon (5/15)
 Temple: D:4-7

Altars:
Kikubaaqudgha
Qazlal
Vehumet

Annotations:
D:5 Blork the orc, Duvessa


Message History

g - Guard the area. f - Follow me.
Anything else - Cancel.
Retreat in which direction?
Press: ? - help, Dir - move target cursor Fall back!
Blork the orc hits you from afar with a +0 glaive!
What are your orders? t - Shout!
Orders for allies: a - Attack new target. r - Retreat! s - Stop attacking. g - Guard the area. f - Follow me.
Anything else - Cancel.
Gang up on whom?
Press: ? - help, Dir - move target cursor, f - Blork the orc
Aim: Blork the orc, wielding a +0 glaive and wearing a +0 robe (moderately wounded, fast) Attack!
Blork the orc hits you from afar with a +0 glaive!
Blork the orc points at you and mumbles some strange words.
The puff of flame hits you!
You die...

# ......... .... #
#.####...###.###
### # #.
#=..#0...0#... ..
#...#.....#.#
#......_....#
#...#.....##
#...#0o..0#
#...###%####
#....5h8@..#
#......#...##
..<....#....#
####....#....#
.#....#....# .
......#....###..#
.......#...(.....#
#.##....#..##.##..#
#.###..##..#......#


You could see Blork the orc, a friendly lightning spire, a friendly hound and a
friendly crimson imp.

Vanquished Creatures (collateral kills)
  A scorpion (D:4)
  An orc priest (D:3)
  A jelly (D:5)
  A gnoll shaman (D:4)
  A centaur skeleton (D:5)
  Jessica (D:2)
  A worker ant (D:4)
  3 orc wizards
  5 gnolls (D:4)
  6 adders
  An ooze (D:3)
  2 worms (D:2)
  2 dart slugs
  8 leopard geckos
  27 orcs
  2 ball pythons (D:1)
  5 giant cockroaches
  3 goblins
  6 hobgoblins
  3 jackals (D:2)
  3 quokkas
  5 bats
  4 frilled lizards
  7 kobolds
  7 rats
106 creatures vanquished.

Notes
Turn   | Place    | Note
-------+----------+-------------------------------------------
     0 | D:1      | Duffy the Deep Elf Summoner began the quest for the Orb.
     0 | D:1      | Reached XP level 1. HP: 10/10 MP: 6/6
   367 | D:1      | Reached XP level 2. HP: 13/15 MP: 1/8
   447 | D:1      | Learned a level 2 spell: Call Imp
  1898 | D:2      | Reached XP level 3. HP: 19/19 MP: 8/10
  1924 | D:2      | Learned a level 3 spell: Call Canine Familiar
  1929 | D:2      | Reached skill level 5 in Summonings
  2368 | D:2      | Noticed Jessica
  2387 | D:2      | Killed Jessica
  3073 | D:3      | Reached XP level 4. HP: 8/24 MP: 9/12
  3084 | D:3      | Learned a level 4 spell: Summon Lightning Spire
  3895 | D:3      | Found an ancient bone altar of Kikubaaqudgha.
  3895 | D:3      | Found a radiant altar of Vehumet.
  4057 | D:3      | Reached skill level 5 in Spellcasting
  4057 | D:3      | Reached skill level 1 in Air Magic
  4743 | D:4      | Reached XP level 5. HP: 28/28 MP: 6/14
  4962 | D:4      | Learned a level 4 spell: Summon Ice Beast
  5526 | D:4      | Reached skill level 1 in Ice Magic
  5611 | D:5      | Entered Level 5 of the Dungeon
  5624 | D:5      | Reached skill level 6 in Summonings
  5682 | D:5      | Reached XP level 6. HP: 29/32 MP: 7/16
  5750 | D:5      | Noticed Blork the orc
  5755 | D:5      | Noticed Duvessa
  5920 | D:5      | Found a stormy altar of Qazlal.
  5939 | D:5      | Killed from afar by Blork the orc

Levels and vault maps discovered:
D:1:      shiori_angband_town, layout_basic
D:2:      layout_loops_ring, minmay_tromino_i4, uniq_jessica
D:3:      layout_basic, gammafunk_temple_overflow_wave
D:4:      layout_rooms, minivault_4
D:5:      layout_basic, kennysheep_mini_moat,
          lightli_ossuary_entry_decrepit_ruins, first_ration,
          grunt_qazlal_clouds, uniq_duvessa, uniq_blork_the_orc, uniq_ijyb

Skill      XL: |  1  2  3  4  5 |
---------------+----------------+-----
Spellcasting   | 4 5 |  5.7
Summonings     | 5 6 |  6.0
Air Magic      | 1 2 |  2.2
Ice Magic      | 1 |  1.4
Dodging        | |  2.4
Stealth        | |  2.4

Action                   |  1- 3 |  4- 6 || total
-------------------------+-------+-------++-------
 Cast: Summon Small Mamm |    75 |       ||    75
       Call Imp          |    12 |    29 ||    41
       Call Canine Famil |    14 |    23 ||    37
       Summon Lightning  |       |     9 ||     9
  Use: Scroll            |     1 |       ||     1
  Eat: Chunk             |     7 |    11 ||    18
Armor: Robe              |    11 |     5 ||    16
Dodge: Dodged            |    37 |    40 ||    77

Table legend:
 A = Non-vault XP
 B = Vault XP
 C = Vault XP percentage of total XP
 D = Non-vault monster count
 E = Vault monster count
 F = Vault count percentage of total count
                 A         B        C        D         E       F
            +---------+---------+-------+---------+---------+-------
      Total |     391 |      23 |   5.6 |     102 |       4 |   3.8
            +---------+---------+-------+---------+---------+-------
        D:1 |      29 |       0 |   0.0 |      26 |       0 |   0.0
        D:2 |      41 |      23 |  35.9 |      19 |       4 |  17.4
        D:3 |      71 |       0 |   0.0 |      22 |       0 |   0.0
        D:4 |     170 |       0 |   0.0 |      22 |       0 |   0.0
        D:5 |      80 |       0 |   0.0 |      13 |       0 |   0.0
            +---------+---------+-------+---------+---------+-------
